 Dungeon Crawl Stone Soup version 0.31.0-32-g396128a36d (webtiles) character file.

Game seed: 8170072729639675009

151 spaghetti the Charlatan (level 5, -2/73 HPs)
             Began as a Naga Artificer on Mar 8, 2024.
             Slain by Natasha (4 damage)
             ... on level 4 of the Dungeon.
             The game lasted 00:05:39 (3861 turns).

spaghetti the Charlatan (Naga Artificer)            Turns: 3861, Time: 00:05:39

Health: -2/73      AC:  3    Str: 14    XL:     5   Next: 33%
Magic:  2/5        EV:  5    Int: 13    God:
Gold:   114        SH:  0    Dex: 12    Spells: 2/4 levels left

rFire   . . .        a - +0 club
rCold   . . .        (no shield)
rNeg    . . .        b - +0 leather armour
rPois   +            (no helmet)
rElec   .            (no cloak)
rCorr   .            (no gloves)
SInv    +            (no barding)
Will    .....        (no amulet) Stlth
                     (no ring)
HPRegen 0.32/turn    (no ring)
MPRegen 0.09/turn

%: no passive effects
@: berserking, held, quick
A: AC +1, large, see invisible, deformed body, poison resistance, slowness 2,
spit poison 1, naga tail 1
a: Spit Poison


You were on level 4 of the Dungeon.
You visited 1 branch of the dungeon, and saw 4 of its levels.

You collected 179 gold pieces.
You spent 65 gold pieces at shops.

Inventory:

Hand Weapons
 a - a +0 club (weapon)
Missiles
 h - a throwing net
Armour
 b - a +0 leather armour (worn)
Jewellery
 n - a ring of positive energy
Wands
 c - a wand of flame (13) (quivered)
 d - a wand of charming (11)
 e - a wand of iceblast (5)
Scrolls
 f - a scroll of fog {unknown}
 i - 2 scrolls of revelation
 m - 2 scrolls of teleportation
 o - a scroll of enchant armour {unknown}
 q - a scroll of brand weapon {unknown}
 r - a scroll of poison
 s - 2 scrolls of vulnerability {unknown}
 t - a scroll of silence {unknown}
 u - 3 scrolls of identify {unknown}
Potions
 g - a potion of haste {unknown}
 l - a potion of enlightenment {unknown}
 p - a potion of attraction {unknown}
 v - a potion of lignification {unknown}
 w - 2 potions of heal wounds {unknown}


   Skills:
 + Level 3.5 Fighting
 - Level 1.5 Armour
 - Level 0.7 Dodging
 - Level 1.5 Stealth
 + Level 4.6 Evocations


You had 2 spell levels left.
You knew the following spells:

 Your Spells              Type           Power      Damage    Failure   Level
a - Scorch                Fire           0%         2d5       50%         2

Your spell library contained the following spells:

 Spells                   Type           Power      Damage    Failure   Level
 Flame Wave               Conj/Fire      0%         2d4       98%         4
 Summon Cactus Giant      Summ           0%         N/A       100%        6


Dungeon Overview and Level Annotations

Branches:
Dungeon (4/15)
 Temple: D:4-7

Altars:

Shops:
D:2 :=[[!

Annotations:
D:4 Natasha


Innate Abilities, Weirdness & Mutations

Your serpentine skin is tough. (AC +1)
You have supernaturally acute eyesight. (SInv)
Armour fits poorly on your strangely shaped body.
Your system is resistant to poisons. (rPois)
You cover ground very slowly.
You can spit poison.
You have a snake-like lower body.


Message History

Your magical contamination has completely faded away.
Aiming: Throw Flame
Press: ? - help, Shift-Dir - straight line, f - Natasha
Aim: Natasha (heavily wounded, 67% to hit)
The puff of flame hits Natasha!
Natasha is almost dead.
The ribbon worm expels a string of sticky webbing.
The stream of webbing hits you but does no damage.
You are even more entangled.
The cerulean imp hits you from afar with a +1 spear.
Natasha claws you.
Unknown command.
Unknown command.
Unknown command.
Aiming: Throw Flame
Press: ? - help, Shift-Dir - straight line, f/p - Natasha
Aim: Natasha (almost dead, 67% to hit)
The puff of flame misses Natasha.
The cerulean imp hits you from afar with a +1 spear.
Natasha barely misses you.
Unknown command.
Unknown command.
Unknown command.
The web tears apart.
The ribbon worm expels a string of sticky webbing.
The stream of webbing hits you but does no damage.
You are caught in a web!
The cerulean imp hits you from afar with a +1 spear.
Natasha claws you.
* * * LOW HITPOINT WARNING * * *
You struggle to detach yourself from the web.
The cerulean imp barely misses you. Natasha claws you.
* * * LOW HITPOINT WARNING * * *
The ribbon worm bites you!
* * * LOW HITPOINT WARNING * * *
Unknown command.
A red film seems to cover your vision as you go berserk!
You feel yourself moving faster!
You feel mighty! Natasha claws you.
You die...
Natasha begins licking her fur clean.

#....#
##.... .##
#...## #....
...# ##..#
##.##
....####.##
###
.........#
.........#
.......#.#
.........#
.....5w@.#
......h...#
........#.#
...[....##.#
........# .#
#......## #.
##..### .#
..#


You could see a ribbon worm (catching breath), Natasha and a cerulean imp
(summoned).

Vanquished Creatures
  4 orc wizards
  An adder (D:3)
  3 ribbon worms (D:2)
  4 dart slugs
  4 ball pythons
  6 endoplasms
  A giant cockroach (D:3)
  6 goblins
  4 hobgoblins
  4 jackals
  4 bats
  2 frilled lizards (D:1)
  4 kobolds
  6 rats
53 creatures vanquished.

Vanquished Creatures (collateral kills)
  An orc wizard (D:3)
1 creature vanquished.

Grand Total: 54 creatures vanquished

Notes
Turn   | Place    | Note
-------+----------+-------------------------------------------
     0 | D:1      | spaghetti the Naga Artificer began the quest for the Orb.
     0 | D:1      | Reached XP level 1. HP: 18/18 MP: 1/1
   199 | D:1      | Reached XP level 2. HP: 14/25 MP: 2/2
  1176 | D:1      | Reached XP level 3. HP: 26/32 MP: 3/3
  1561 | D:2      | Found Osuac's Book Shop.
  1819 | D:2      | Found Faezeop's Armour Shoppe.
  1844 | D:2      | Found Xicaddargh's Distillery.
  1850 | D:2      | Bought a potion of berserk rage for 65 gold pieces
  1892 | D:2      | Found Inomuwio's Antique Armour Shoppe.
  1982 | D:2      | Found Cedobafeo's Jewellery Emporium.
  2438 | D:3      | Found a faded altar of an unknown god.
  2686 | D:3      | Reached skill level 4 in Evocations
  2686 | D:3      | Reached XP level 4. HP: 23/40 MP: 4/4
  3416 | D:3      | HP: 2/40 [orc wizard/magic dart (9)]
  3425 | D:3      | HP: 1/63 [orc wizard/magic dart (6)]
  3427 | D:3      | Reached XP level 5. HP: 1/49 MP: 5/5
  3674 | D:4      | Noticed a phantom
  3798 | D:4      | Learned a level 2 spell: Scorch
  3845 | D:4      | Noticed Natasha
  3860 | D:4      | HP: 1/49 [ribbon worm (7)]
  3861 | D:4      | Slain by Natasha

Illustrated notes

Levels and vault maps discovered:
D:1:      eino_arrival_tree_alley, layout_basic, chequers_arboretum
D:2:      layout_loops_cross, serial_shops, nicolae_shop_tiny_waterfront,
          nicolae_shop_statue_plus, nicolae_shop_dealshenge, shop, shop,
          kennysheep_generic_room_13
D:3:      layout_loops_cross, shapermc_ecumenical_altar_totnotflames,
          amcnicky_mini_corridor_feature, guppyfry_early_lair_pool
D:4:      layout_cave_pods, minmay_temple_entry_from_below_a,
          minmay_a_box_with_orc_wizards_in_it, uniq_natasha,
          uniq_crazy_yiuf_cottage

Skill      XL: |  1  2  3  4 |
---------------+-------------+-----
Fighting       | 2 3 |  3.5
Evocations     | 4 |  4.6
Armour         | |  1.5
Dodging        | |  0.7
Stealth        | |  1.5

Action                     |  1- 3 |  4- 6 || total
---------------------------+-------+-------++-------
  Melee: Club              |   175 |    66 ||   241
         Punch             |     2 |       ||     2
   Cast: Scorch            |       |     1 ||     1
Ability: Spit Poison       |    22 |     6 ||    28
  Evoke: Wand              |       |     6 ||     6
    Use: Scroll            |     3 |       ||     3
         Potion            |       |     5 ||     5
   Stab: Sleeping          |     2 |     1 ||     3
 Armour: Leather armour    |   134 |   103 ||   237
  Dodge: Dodged            |    91 |    48 ||   139
